 Dungeon Crawl Stone Soup version 0.24.0-13-gcf9b319 (webtiles) character file.

Game seed: 10607940399178298837, levelgen mode: deterministic

517 CBukowski the Chopper (level 7, -9/59 HPs)
             Began as a Minotaur Fighter on Nov 16, 2019.
             Was a Follower of Yredelemnul.
             Mangled by a troll (11 damage)
             ... on level 5 of the Dungeon.
             The game lasted 00:08:32 (2718 turns).

CBukowski the Chopper (Minotaur Fighter)            Turns: 2718, Time: 00:08:32

Health: -9/59      AC:  9    Str: 23    XL:     7   Next: 0%
Magic:  6/6        EV:  6    Int:  5    God:    Yredelemnul [*.....]
Gold:   186        SH: 10    Dex:  9    Spells: 4/6 levels left

rFire    . . .     SeeInvis .   a - +0 war axe
rCold    . . .     Gourm    .   c - +0 shield
rNeg     . . .     Faith    .   p - +0 chain mail
rPois    +         Spirit   .   (helmet restricted)
rElec    .         Reflect  .   (no cloak)
rCorr    .         Harm     .   (no gloves)
MR       .....                  (no boots)
Stlth    ..........             (no amulet)
HPRegen  0.19/turn              s - ring of poison resistance
MPRegen  0.10/turn              (no ring)

@: no status effects
A: retaliatory headbutt, horns 2
a: Animate Remains, Renounce Religion


You were on level 5 of the Dungeon.
You worshipped Yredelemnul.
Yredelemnul was aware of your devotion.
You were not hungry.

You visited 1 branch of the dungeon, and saw 5 of its levels.

You collected 186 gold pieces.

Inventory:

Hand Weapons
 a - a +0 war axe (weapon)
Armour
 b - a +0 scale mail
 c - a +0 shield (worn)
 p - a +0 chain mail (worn)
Jewellery
 s - a ring of poison resistance (left hand)
Wands
 v - a wand of iceblast (12)
Scrolls
 j - a scroll of immolation {unknown}
 k - a scroll of enchant weapon {unknown}
 l - 3 scrolls of remove curse {unknown}
 m - 3 scrolls of teleportation
 n - 3 scrolls of identify
 r - a scroll of magic mapping {unknown}
Potions
 d - a potion of might
 e - 2 potions of lignification {unknown}
 g - a potion of degeneration {unknown}
 h - a potion of resistance {unknown}
 i - 2 potions of cancellation {unknown}
 q - a potion of mutation {unknown}
 t - 6 potions of curing {unknown}
 u - 2 potions of haste {unknown}
Comestibles
 f - 5 rations


   Skills:
 + Level 4.1 Fighting
 * Level 7.1 Axes
 + Level 4.7 Armour
 + Level 0.4 Dodging
 + Level 0.1 Stealth
 * Level 5.6 Shields


You had 4 spell levels left.
You knew the following spells:

 Your Spells              Type           Power        Failure   Level  Hunger
a - Blink                 Tloc           N/A          100%        2    ###....

Your spell library contained the following spells:

 Spells                   Type           Power        Failure   Level  Hunger
 Animate Skeleton         Necr           N/A          100%        1    ##.....
 Apportation              Tloc           #.....       100%        1    ##.....
 Confusing Touch          Hex            #.....       100%        1    ##.....
 Magic Dart               Conj           #...         100%        1    ##.....
 Summon Small Mammal      Summ           #...         100%        1    ##.....
 Call Imp                 Summ           #.......     100%        2    ###....
 Slow                     Hex            #.......     100%        2    ###....
 Conjure Flame            Conj/Fire      #.......     100%        3    ####...
 Mephitic Cloud           Conj/Pois/Air  #.......     100%        3    ####...


Dungeon Overview and Level Annotations

Branches:
Dungeon (5/15)
 Temple: D:4-7

Altars:
Yredelemnul

Annotations:
D:4 2 transporters, Fang's ghost, novice GrBe


Innate Abilities, Weirdness & Mutations

You reflexively headbutt those who attack you in melee.
You have a pair of horns on your head.


Message History

The troll is moderately wounded.
The troll bites you!
* * * LOW HITPOINT WARNING * * *
The troll claws you but does no damage. You block the troll's attack.
You hit the troll but do no damage.
The troll is lightly wounded.
The troll bites you but does no damage. The troll claws you.
* * * LOW HITPOINT WARNING * * *
The troll barely misses you.
You barely miss the troll.
The troll is lightly wounded.
The troll bites you but does no damage. The troll claws you.
* * * LOW HITPOINT WARNING * * *
You block the troll's attack. The troll bites you.
* * * LOW HITPOINT WARNING * * *
The troll claws you.
* * * LOW HITPOINT WARNING * * *
The troll claws you!
You die...
Your body rises from the dead as a mindless zombie.

#.#...# #
#.#...#.#
#...c...#
##(.######.#
#######(#.........
#......###Z#####.
###.#####.#c##
#...# #T## #.###
#@# ###.#### #...#
#......# ##.....
#.#.##.# .##.##
#.#.##.# .# #
#.#.##.# ..
#.#.##.# ..
#......# ...
#......#


You could see a troll, a centaur and a leopard gecko skeleton.

Vanquished Creatures
  Sigmund (D:2)
  A scorpion (D:4)
  A howler monkey (D:4)
  A crimson imp (D:5)
  2 orc wizards (D:3)
  A centaur skeleton (D:4)
  A worker ant (D:4)
  3 adders
  2 oozes
  An adder skeleton (D:3)
  3 worms
  A dart slug (D:1)
  2 leopard geckos
  5 orcs
  2 ball pythons
  5 bats
  2 giant cockroaches
  7 goblins
  7 hobgoblins
  13 jackals
  A kobold (D:2)
  3 quokkas
  4 frilled lizards
  3 rats
72 creatures vanquished.

Notes
Turn   | Place    | Note
-------+----------+-------------------------------------------
     0 | D:1      | CBukowski the Minotaur Fighter began the quest for the Orb.
     0 | D:1      | Reached XP level 1. HP: 19/19 MP: 0/0
    69 | D:1      | Reached XP level 2. HP: 27/27 MP: 1/1
   135 | D:1      | Reached skill level 3 in Axes
   268 | D:1      | Reached XP level 3. HP: 32/33 MP: 2/2
   522 | D:2      | Learned a level 2 spell: Blink
   545 | D:2      | Noticed Sigmund
   570 | D:2      | Killed Sigmund
   570 | D:2      | Reached skill level 5 in Axes
   570 | D:2      | Reached XP level 4. HP: 11/40 MP: 3/3
   570 | D:2      | Reached XP level 5. HP: 12/46 MP: 4/4
   627 | D:2      | Reached skill level 5 in Shields
  1436 | D:3      | Reached XP level 6. HP: 43/52 MP: 5/5
  2022 | D:3      | Found a faded altar of an unknown god.
  2102 | D:3      | Became a worshipper of Yredelemnul the Dark
  2102 | D:3      | Reached * piety under Yredelemnul
  2160 | D:4      | Reached skill level 6 in Axes
  2241 | D:4      | Found a transporter.
  2257 | D:4      | Noticed Fang's ghost (novice GrBe)
  2322 | D:4      | Found a transporter.
  2648 | D:5      | Entered Level 5 of the Dungeon
  2661 | D:5      | Reached skill level 7 in Axes
  2661 | D:5      | Reached XP level 7. HP: 59/59 MP: 6/6
  2701 | D:5      | Noticed a troll
  2718 | D:5      | HP: 2/59 [troll (3)]
  2718 | D:5      | Mangled by a troll

Levels and vault maps discovered:
D:1:      onia_arrival_mini_spirals, layout_rooms
D:2:      layout_rooms, serial_bayou_lagoon_a, uniq_sigmund
D:3:      layout_basic, chequers_ecumenical_altar_grove, first_ration
D:4:      layout_basic, gammafunk_ghost_smash
D:5:      layout_loops_cross, dancing_weapons_uskayaw,
          nicolae_ossuary_entry_ruins, uniq_eustachio, uniq_ijyb

Skill      XL: |  1  2  3  4  5  6 |
---------------+-------------------+-----
Shields        | 4 5 |  5.6
Axes           | 3 5 7 |  7.1
Armour         | 4 |  4.7
Fighting       | 4 |  4.1
Dodging        | |  0.4
Stealth        | |  0.1

Action                   |  1- 3 |  4- 6 |  7- 9 || total
-------------------------+-------+-------+-------++-------
Melee: War axe           |    73 |   136 |     8 ||   217
       Headbutt          |    12 |    20 |     1 ||    33
  Use: Scroll            |       |     2 |       ||     2
       Potion            |       |     1 |     1 ||     2
  Eat: Chunk             |       |     4 |       ||     4
       Ration            |       |     1 |       ||     1
Armor: Scale mail        |    22 |       |       ||    22
       Chain mail        |     8 |    56 |     4 ||    68
Dodge: Dodged            |    16 |    29 |     9 ||    54
Block: Shield            |    39 |    56 |    19 ||   114
